 Dungeon Crawl Stone Soup version 0.21-a0-26-g7b23a2f (webtiles) character file.

536052 hyperhazel the Brawler (level 26, -2/217 HPs)
             Began as a Vine Stalker Earth Elementalist on Jan 31, 2017.
             Was a High Priest of Okawaru.
             Slain by an emperor scorpion (5 damage)
             ... summoned by a greater mummy
             ... led by Khufu
             ... on level 3 of the Crypt on May 25, 2017.
             The game lasted 02:51:02 (46906 turns).

hyperhazel the Brawler (VSEE)                      Turns: 46906, Time: 02:51:02

Health: -2/217     AC: 33    Str: 20    XL:     26   Next: 38%
Magic:  0/32       EV:  2    Int: 15    God:    Okawaru [*****.]
Gold:   2566       SH: 17    Dex: 18    Spells: 20/32 levels left

rFire    . . .     SeeInvis .     - Unarmed
rCold    + . .     Gourm    .   O - +0 shield
rNeg     + + +     Faith    .   (armour currently unavailable)
rPois    +         Spirit   +   (helmet currently unavailable)
rElec    +         Reflect  .   (cloak currently unavailable)
rCorr    .         Harm     .   (gloves currently unavailable)
MR       ++++.     NoTele   +   (boots currently unavailable)
Stlth    +++++.....             o - amulet of regeneration
Regen    1.7/turn               c - ring of protection from magic
MPRegen  0.3/turn               S - ring "Hemyfroust" {*Slow rElec rC+ rN++ Stlth+}

@: lethally poisoned (-2 -> -3), tree-form, heroism, finesse, very slightly
contaminated, hasted, invisible, very quick
A: regeneration 2, magic shield, no potion heal 3, rot immunity
}: 2/15 runes: serpentine, barnacled
a: Heroism, Finesse, Renounce Religion


You were on level 3 of the Crypt.
You worshipped Okawaru.
Okawaru was extremely pleased with you.
You were not hungry.
You were a tree.
You visited 8 branches of the dungeon, and saw 41 of its levels.
You also visited: Ice Cave.

You collected 4812 gold pieces.
You spent 2246 gold pieces at shops.

Inventory:

Hand Weapons
 b - a +9 blowgun
Missiles
 a - 3 needles of confusion {god gift}
 m - 13 curare-tipped needles
 t - 33 javelins
 E - 30 javelins of penetration (quivered)
 F - 7 throwing nets
 G - 21 steel javelins
 Y - 34 silver javelins
Armour
 l - a +2 helmet of see invisible (melded) {god gift}
 O - a +0 shield (worn)
 T - a +2 plate armour of fire resistance (melded)
 W - a +2 pair of gloves of strength (melded) {god gift}
 X - a scarf of repulsion (melded)
 Z - a +2 pair of boots (melded)
Jewellery
 c - a ring of protection from magic (left branch)
 o - an amulet of regeneration (around neck)
 D - an uncursed ring of fire
 S - the ring "Hemyfroust" (right branch) {*Slow rElec rC+ rN++ Stlth+}
   (You took it off a deep elf master archer on level 3 of the Elven Halls)

   [ring of stealth]

   It protects you from cold.
   It insulates you from electricity.
   It greatly protects you from negative energy.
   It may slow you when you take damage.
   It makes you more stealthy.
 V - an uncursed ring of poison resistance
Wands
 h - a wand of confusion (28/48)
 k - a wand of digging (8/24)
 y - a wand of acid (3/15)
 L - a wand of clouds (4/9)
 R - a wand of scattershot (4/9)
Scrolls
 i - 2 scrolls of fog
 j - 4 scrolls of magic mapping
 n - 14 scrolls of teleportation
 p - 10 scrolls of blinking
 u - 10 scrolls of fear
 A - 10 scrolls of identify {@r1}
 C - 9 scrolls of recharging
 H - 2 scrolls of vulnerability {!r}
 I - 5 scrolls of remove curse {@r2}
 M - 2 scrolls of summoning
Potions
 e - 2 potions of cancellation
 f - 6 potions of agility
 g - a potion of resistance
 q - 14 potions of mutation {!q}
 r - 2 potions of might
 s - 24 potions of curing {@q1}
 v - 7 potions of haste
 w - 9 potions of flight
 K - a potion of invisibility
 P - 3 potions of ambrosia
 Q - 3 potions of lignification {!q}
 U - 2 potions of magic
Miscellaneous
 x - a fan of gales
 z - a lamp of fire
 J - a phantom mirror
 N - a lightning rod (4/4)
Comestibles
 d - 18 bread rations
 B - 17 meat rations


   Skills:
 - Level 17.0(22.0) Fighting
 - Level 14.6(19.6) Throwing
 - Level 12.1(17.1) Armour
 - Level 12.0(17.0) Dodging
 - Level 2.4(7.4) Stealth
 - Level 16.7(21.7) Shields
 - Level 20.0(25.0) Unarmed Combat
 + Level 3.7 Spellcasting
 - Level 8.2 Translocations
 - Level 1.0 Transmutations
 - Level 3.0 Earth Magic
 - Level 7.1 Invocations
 - Level 10.7 Evocations


You had 20 spell levels left.
You knew the following spells:

 Your Spells              Type           Power        Failure   Level  Hunger
a - Summon Butterflies    Summ           #.......     19%         1    None
b - Passwall              Tmut/Erth      #.........   12%         2    ##.....
c - Animate Skeleton      Necr           N/A          19%         1    None
d - Song of Slaying       Chrm           #.......     28%         2    ##.....
q - Regeneration          Chrm/Necr      #.........   50%         3    ###....
A - Apportation           Tloc           ####..       1%          1    None
B - Blink                 Tloc           N/A          1%          2    ##.....


Dungeon Overview and Level Annotations

Branches:
Dungeon (15/15)            Temple (0/1) D:5            Lair (6/6) D:11
 Shoals (4/4) Lair:3        Snake (4/4) Lair:4        Slime (0/5) Lair:6
    Orc (2/2) D:11            Elf (3/3) Orc:2        Vaults (4/5) D:13
  Crypt (3/3) Vaults:3       Tomb (0/3) Crypt:3      Depths (0/5) D:15

Altars:
Elyvilon
Fedhas
Hepliaklqana
Kikubaaqudgha
Makhleb
Nemelex Xobeh
Okawaru
Qazlal
Sif Muna
Trog
Vehumet
Xom
Yredelemnul
The Shining One
Beogh
Jiyva

Shops:
Orc:2 *(([   Elf:1 *   Elf:2 :   Vaults:3 !   Vaults:4 :

Annotations:
D:1 exclusion: gnoll
D:4 exclusion: sky beast
D:5 Edmund
D:6 2ho
D:11 orc
Lair:1 exclusion: 3 plants
Lair:3 hive
Lair:6 exclusion: oklob plant
Shoals:4 exclusion: Roxanne, Roxanne
Elf:2 3 runed doors
Crypt:3 Khufu


Innate Abilities, Weirdness & Mutations

((You have razor-sharp teeth.))
You heal very quickly.
When hurt, damage is shared between your health and your magic reserves.
((Your bite disrupts and absorbs the magic of your enemies.))
Potions cannot restore your health.
You are immune to rotting.


Message History

* * * LOW HITPOINT WARNING * * *
Unknown command.
Okay, then.
You fade into invisibility!
You feel sick. You block the greater mummy's attack.
You block the emperor scorpion's attack. x2
The emperor scorpion claws you but does no damage.
The emperor scorpion stings you.
* * * LOW HITPOINT WARNING * * *
The emperor scorpion barely misses you.
You block the emperor scorpion's attack.
You are very lightly contaminated with residual magic.
Unknown command.
Unknown command.
Unknown command.
You barely miss the greater mummy.
You feel sick.
Unknown command.
You hit the greater mummy but do no damage.
The emperor scorpion stings you.
You die...

#......................
#⌠.......#.#.#.#.#.#.#.
#.8....................
###....................
#...##'#'#'#'#'#'#'#'
#8.8##z#.#.#.#.#.#.#.
##'###M##############
#.#Mss# #M#♣### #.#ss.#
#M#..## #.#..# #.####


You could see Khufu, a greater mummy, 4 emperor scorpions and a wight.

Vanquished Creatures
  An ancient lich (Crypt:3)
  A greater mummy (Crypt:3)
  Xtahua (Crypt:2)
  Nikola (Vaults:2)
  2 liches
  Jorgrun (Vaults:4)
  A tentacled monstrosity (Vaults:4)
  A shard shrike skeleton (Crypt:2)
  5 deep elf blademasters (Elf:3)
  The ghost of pedritolo the Transmogrifier, an adept DrCK of Xom (Vaults:1)
  5 deep elf master archers (Elf:3)
  Polyphemus (Shoals:2)
  7 ancient champions
  Kirke (Snake:1)
  Agnes (Snake:1)
  12 nagarajas
  3 revenants
  4 fire giants (Vaults:4)
  Ilsuiw (Shoals:4)
  4 deep elf sorcerers
  4 frost giants
  Aizul (Vaults:4)
  Louise (Shoals:4)
  10 vault wardens
  2 curse skulls
  8 ghouls
  A deep elf elementalist (Elf:3)
  14 ironheart preservers
  A war gargoyle (Vaults:2)
  2 vampire knights
  10 very ugly things
  The ghost of 4thArraOfDagon the Cleaver, a journeyman DDEn of Makhleb (Lair:3)
  4 entropy weavers
  8 stone giants
  7 deep elf demonologists
  7 deep elf annihilators
  Azrael (D:15)
  Snorg (Lair:5)
  10 deep elf death magi
  5 eidola
  A crystal guardian (Vaults:4)
  2 ettins
  2 quicksilver dragon zombies (D:15)
  11 jiangshi
  2 merfolk impalers
  The ghost of kuniqs the Blocker, a journeyman VSFi of Uskayaw (D:15)
  4 fire dragons
  Josephine (Orc:1)
  3 deep elf high priests
  A great orb of eyes (Vaults:4)
  8 merfolk javelineers
  9 yaktaur captains
  2 quicksilver dragon skeletons (Crypt:2)
  A rakshasa (Vaults:1)
  4 ice dragons
  6 vault guards
  Fannar (Lair:1)
  15 hydras
  A hell beast (Elf:3)
  The ghost of stringdemon the Carver, a journeyman FoFi of Dithmenos (D:14)
  5 catoblepae
  10 naga warriors
  8 anacondas
  6 merfolk aquamancers
  6 centaur warriors
  19 ogre magi
  A two-headed ogre (shapeshifter) (Vaults:3)
  11 dancing weapons
  3 death knights
  4 merfolk avatars
  3 satyrs
  41 two-headed ogres
  10 death yaks
  Urug (Lair:5)
  7 shock serpents
  19 deep elf knights
  Nergalle (D:11)
  6 vampire magi
  Sonja (Lair:2)
  16 naga sharpshooters
  2 titan skeletons (Crypt:2)
  2 soul eaters
  2 fire crabs (Shoals:4)
  11 sea snakes
  A golden dragon zombie (Crypt:2)
  39 skeletal warriors
  11 shadow wraiths
  3 unseen horrors (Vaults:1)
  5 salamander mystics
  A storm dragon skeleton (Crypt:3)
  5 flayed ghosts
  An iron giant zombie (Crypt:1)
  2 glowing orange brains (Vaults:2)
  2 golden dragon skeletons (Crypt:2)
  A deep troll (Vaults:2)
  A lindwurm (shapeshifter) (Vaults:4)
  5 wizards
  9 naga ritualists
  4 necromancers
  24 deep elf archers
  38 harpies
  13 mana vipers
  A harpy (shapeshifter) (Vaults:1)
  12 ironbrand convokers
  24 ugly things
  A wolf spider zombie (Crypt:2)
  2 anaconda skeletons (Crypt:2)
  18 orc knights
  10 phantasmal warriors
  3 orc sorcerers
  23 manticores
  A spectral ettin (Crypt:3)
  A wolf spider (Vaults:1)
  7 cyclopes
  2 frost giant zombies
  22 fauns
  2 stone giant skeletons (Crypt:2)
  17 salamanders
  An elephant (shapeshifter) (Vaults:3)
  2 shadow dragon skeletons (Crypt:2)
  65 deep elf magi
  3 iron dragon skeletons
  3 ice statues (IceCv)
  20 elephants
  37 black mambas
  11 merfolk sirens
  Psyche (D:11)
  16 naga magi
  2 fire giant skeletons (Crypt:2)
  2 frost giant skeletons
  A gargoyle (D:11)
  A guardian serpent (shapeshifter) (Vaults:1)
  8 guardian serpents
  15 vault sentinels
  3 water nymphs
  A black mamba (shapeshifter) (Elf:1)
  9 spiny frogs
  A torpor snail (Lair:3)
  2 dire elephant skeletons
  A kobold demonologist (D:11)
  A shock serpent skeleton (Crypt:1)
  33 yaktaurs
  A redback zombie (D:14)
  13 freezing wraiths
  11 komodo dragons
  4 rime drakes
  An ice devil (IceCv)
  An iron troll zombie (Crypt:2)
  5 trolls
  A pale draconian skeleton (Crypt:2)
  A queen bee (Lair:3)
  A polar bear (Lair:3)
  A tyrant leech (shapeshifter) (Vaults:4)
  8 hornets
  3 meliai (D:14)
  3 bog bodies
  24 merfolk
  5 wind drakes
  11 blink frogs
  A blink frog (shapeshifter) (Vaults:1)
  30 dream sheep
  Prince Ribbit (D:6)
  An ice dragon zombie (D:15)
  27 slime creatures
  16 hippogriffs
  11 snapping turtles
  2 death drake skeletons (Crypt:2)
  A spectral manticore (Crypt:3)
  17 flying skulls
  A meliai zombie (D:15)
  2 air elementals
  2 tarantellas (Vaults:4)
  A black mamba zombie (Crypt:3)
  9 redbacks
  A redback (shapeshifter) (Vaults:4)
  5 shadows
  Sigmund (D:3)
  11 water elementals
  2 ice dragon skeletons (Crypt:2)
  A spriggan (D:12)
  A fire bat (Shoals:4)
  8 fire elementals
  48 yaks
  12 wraiths
  An alligator skeleton (Crypt:2)
  2 hogs (Snake:1)
  A steam dragon (D:8)
  Eustachio (D:6)
  17 humans (D:13)
  5 wyverns
  5 basilisks
  2 hungry ghosts
  60 nagas
  A water nymph zombie (Crypt:1)
  2 wargs
  An acid dragon (shapeshifter) (Vaults:3)
  A deep troll zombie (Crypt:3)
  A swamp worm (Lair:1)
  An acid dragon (Vaults:1)
  A glowing shapeshifter zombie (Crypt:3)
  A soldier ant (shapeshifter) (D:13)
  An orb spider zombie (Crypt:3)
  8 hell hounds
  21 water moccasins
  6 porcupines
  6 ice beasts
  2 sky beasts
  A torturous demonspawn skeleton (Crypt:1)
  48 orc warriors
  A black bear (D:11)
  13 boggarts
  An eye of draining (shapeshifter) (Vaults:3)
  7 necrophages
  39 ogres
  A manticore skeleton (Crypt:2)
  A dream sheep skeleton (Crypt:2)
  2 phantoms
  13 wolves
  A lindwurm skeleton (Crypt:3)
  28 centaurs
  5 big kobolds
  A snapping turtle skeleton (Crypt:2)
  19 crocodiles
  A salamander skeleton (Crypt:2)
  18 bullfrogs
  6 earth elementals
  6 scorpions
  33 killer bees
  A raiju skeleton (Crypt:1)
  A howler monkey (D:8)
  A spriggan skeleton (Crypt:2)
  3 crimson imps
  3 centaur zombies
  A bullfrog zombie (D:12)
  5 jellies
  2 quasits
  7 orc priests
  A human skeleton (Crypt:2)
  3 bullfrog skeletons
  2 centaur skeletons
  6 hounds
  Jessica (D:2)
  6 iguanas
  15 orc wizards
  12 worker ants
  A killer bee zombie (D:6)
  A naga zombie (Crypt:2)
  An acid dragon zombie (Crypt:3)
  A deep dwarf skeleton (Crypt:3)
  An ogre skeleton (Crypt:2)
  A hound zombie (D:9)
  A hound skeleton (D:4)
  2 gnolls (D:2)
  11 adders
  A river rat (D:11)
  5 shadow imps
  A lava snake skeleton (Crypt:3)
  An adder skeleton (Crypt:1)
  An adder zombie (D:5)
  4 worms
  6 dart slugs
  4 leopard geckos
  117 orcs
  3 bat zombies (D:6)
  4 giant cockroaches
  4 goblins
  4 hobgoblins
  8 jackals
  3 quokkas
  A ball python (D:4)
  A ball python zombie (Crypt:1)
  4 bats
  6 frilled lizards
  A gnoll zombie (Crypt:2)
  A hobgoblin skeleton (Crypt:1)
  A jackal skeleton (Crypt:2)
  15 kobolds
  A leopard gecko zombie (D:8)
  9 rats
  3 rat zombies (D:6)
  2 plants
1972 creatures vanquished.

Vanquished Creatures (collateral kills)
  An orc warrior (Orc:2)
1 creature vanquished.

Vanquished Creatures (others)
  A guardian serpent (Snake:4)
  A fire elemental (Elf:2)
  3 orc warriors
  An ogre (Vaults:2)
  A big kobold (D:12)
  An orc (Vaults:4)
  6 kobolds (D:12)
  A bush (Lair:2)
  24 fungi
  25 plants
64 creatures vanquished.

Grand Total: 2037 creatures vanquished

Notes
Turn   | Place    | Note
-------+----------+-------------------------------------------
     0 | D:1      | hyperhazel the Vine Stalker Earth Elementalist began the quest for the Orb.
     0 | D:1      | Reached XP level 1. HP: 9/9 MP: 4/4
    91 | D:1      | Reached skill level 1 in Unarmed Combat
   307 | D:1      | Reached XP level 2. HP: 11/13 MP: 3/6
   644 | D:1      | Learned a level 2 spell: Passwall
   681 | D:1      | Reached skill level 2 in Unarmed Combat
  1191 | D:2      | Found a deep blue altar of Sif Muna.
  1646 | D:2      | Reached XP level 3. HP: 16/16 MP: 5/7
  1760 | D:3      | Found a white marble altar of Elyvilon.
  1762 | D:3      | Noticed Sigmund
  1851 | D:3      | Upgraded the game from 0.20-a0-544-g2b9a704 to 0.20-a0-550-gf70bbbc
  1851 | D:3      | Upgraded the game from 0.20-a0-550-gf70bbbc to 0.21-a0-26-g7b23a2f
  1903 | D:3      | Found an iron altar of Okawaru.
  1920 | D:3      | Became a worshipper of Warmaster Okawaru
  1980 | D:3      | Reached skill level 3 in Unarmed Combat
  2491 | D:3      | HP: 3/16 [poisoned by an adder]
  2497 | D:3      | HP: 2/16 [poisoned by an adder]
  2827 | D:4      | Learned a level 1 spell: Animate Skeleton
  2836 | D:4      | Noticed a sky beast
  2897 | D:5      | Entered Level 5 of the Dungeon
  3002 | D:4      | Gained mutation: Your natural rate of healing is unusually fast. [Vine Stalker growth]
  3002 | D:4      | Reached XP level 4. HP: 18/21 MP: 8/8
  3164 | D:4      | Reached skill level 4 in Unarmed Combat
  3585 | D:4      | Reached XP level 5. HP: 23/24 MP: 9/9
  3743 | D:4      | Found a radiant altar of Vehumet.
  3744 | D:4      | Found a burning altar of Makhleb.
  3781 | D:4      | Reached skill level 5 in Unarmed Combat
  3972 | D:5      | Reached XP level 6. HP: 28/28 MP: 10/10
  4169 | D:5      | Reached * piety under Okawaru
  4326 | D:5      | Found a staircase to the Ecumenical Temple.
  4584 | D:5      | Reached skill level 6 in Unarmed Combat
  4757 | D:5      | Noticed Edmund
  4886 | D:6      | Noticed a two-headed ogre
  5084 | D:3      | Killed Sigmund
  5084 | D:3      | Reached skill level 7 in Unarmed Combat
  5084 | D:3      | Reached XP level 7. HP: 26/32 MP: 11/11
  5415 | D:2      | Noticed Jessica
  5425 | D:2      | Killed Jessica
  5434 | D:2      | Found a faded altar of an unknown god.
  5708 | D:5      | Reached skill level 8 in Unarmed Combat
  5772 | D:5      | Reached ** piety under Okawaru
  5772 | D:5      | Reached skill level 1 in Fighting
  5964 | D:6      | Reached skill level 2 in Dodging
  5964 | D:6      | Gained mutation: You have razor-sharp teeth. [Vine Stalker growth]
  5964 | D:6      | Reached XP level 8. HP: 25/39 MP: 12/12
  6091 | D:6      | Reached skill level 2 in Fighting
  6139 | D:6      | Noticed Prince Ribbit
  6184 | D:6      | Reached skill level 3 in Fighting
  6330 | D:6      | Found an ancient bone altar of Kikubaaqudgha.
  6376 | D:6      | Noticed Eustachio
  6419 | D:6      | Killed Eustachio
  6419 | D:6      | Reached skill level 4 in Fighting
  6419 | D:6      | Reached skill level 3 in Dodging
  6456 | D:6      | Killed Prince Ribbit
  6700 | D:7      | Reached XP level 9. HP: 43/46 MP: 13/13
  6847 | D:7      | Noticed a hornet
  6854 | D:7      | Killed a hornet
  6854 | D:7      | Reached skill level 9 in Unarmed Combat
  6975 | D:7      | Reached skill level 4 in Dodging
  6980 | D:7      | Reached skill level 5 in Fighting
  7265 | D:7      | Found a bloodstained altar of Trog.
  7287 | D:7      | Found a sparkling altar of Nemelex Xobeh.
  7630 | D:8      | Reached *** piety under Okawaru
  7657 | D:8      | Found an iron altar of Okawaru.
  7775 | D:8      | Reached skill level 10 in Unarmed Combat
  8185 | D:8      | Reached XP level 10. HP: 49/53 MP: 14/14
  8199 | D:8      | Reached skill level 6 in Fighting
  8199 | D:8      | Reached skill level 5 in Dodging
  9188 | D:9      | Reached **** piety under Okawaru
  9188 | D:9      | Reached skill level 11 in Unarmed Combat
  9265 | D:9      | Found a glowing golden altar of the Shining One.
  9399 | D:9      | Found a faded altar of an unknown god.
  9399 | D:9      | Found a basalt altar of Yredelemnul.
  9404 | D:9      | Found a stormy altar of Qazlal.
  9406 | D:9      | Found a faded altar of an unknown god.
  9407 | D:9      | Found a hazy altar of Hepliaklqana.
  9510 | D:9      | Found Wuekuizu's Jewellery Emporium.
  9791 | D:10     | Entered Level 10 of the Dungeon
  9908 | D:10     | Identified Qurhy's Papyrus of Congealing Good Luck
  9915 | D:10     | Learned a level 2 spell: Song of Slaying
  9919 | D:10     | Learned a level 3 spell: Regeneration
 10087 | D:10     | Reached skill level 1 in Evocations
 10191 | D:10     | Reached skill level 1 in Shields
 10347 | D:10     | Reached skill level 2 in Evocations
 10361 | D:10     | Reached skill level 2 in Shields
 10376 | D:10     | Reached ***** piety under Okawaru
 10617 | D:11     | Reached skill level 3 in Evocations
 10776 | D:11     | Noticed a death yak
 10880 | D:11     | Noticed a death yak
 10882 | D:11     | Noticed a death yak
 10899 | D:11     | Killed a death yak
 10899 | D:11     | Reached skill level 3 in Shields
 10899 | D:11     | Reached skill level 2 in Invocations
 10991 | D:11     | Killed a death yak
 10991 | D:11     | Reached skill level 3 in Invocations
 10991 | D:11     | Reached XP level 11. HP: 58/58 MP: 15/15
 11019 | D:11     | Found a staircase to the Lair.
 11061 | D:11     | Reached skill level 4 in Evocations
 11344 | D:12     | Noticed a four-headed hydra
 11414 | D:11     | Reached skill level 4 in Invocations
 11432 | D:11     | Noticed Psyche
 11441 | D:11     | Killed Psyche
 11441 | D:11     | Reached skill level 4 in Shields
 11533 | Lair:1   | Entered Level 1 of the Lair of Beasts
 11584 | Lair:1   | Noticed Fannar
 11626 | Lair:1   | Killed Fannar
 11626 | Lair:1   | Reached skill level 5 in Invocations
 11878 | Lair:1   | Received a gift from Okawaru
 12009 | Lair:1   | Reached skill level 5 in Evocations
 12020 | Lair:1   | Reached skill level 6 in Invocations
 12163 | Lair:1   | Reached skill level 5 in Shields
 12174 | Lair:1   | Noticed a six-headed hydra
 12181 | Lair:1   | Killed a six-headed hydra
 12602 | Lair:2   | Noticed Sonja
 12614 | Lair:2   | Killed Sonja
 12614 | Lair:2   | Reached skill level 6 in Evocations
 12671 | Lair:2   | Reached skill level 7 in Invocations
 12671 | Lair:2   | Gained mutation: You heal very quickly. [Vine Stalker growth]
 12671 | Lair:2   | Reached XP level 12. HP: 62/62 MP: 18/18
 12706 | Lair:2   | Noticed a four-headed hydra
 12730 | Lair:2   | Killed a four-headed hydra
 12778 | Lair:2   | Reached skill level 7 in Fighting
 12859 | Lair:2   | Reached skill level 6 in Shields
 12940 | Lair:2   | Reached skill level 12 in Unarmed Combat
 13226 | Lair:2   | Noticed a seven-headed hydra
 13294 | Lair:2   | Killed a seven-headed hydra
 13350 | Lair:3   | Noticed a seven-headed hydra
 13520 | Lair:3   | Noticed 4thArraOfDagon's ghost (journeyman DDEn)
 13578 | Lair:4   | Reached skill level 7 in Shields
 13603 | Lair:4   | Noticed a four-headed hydra
 13651 | Lair:4   | Received a gift from Okawaru
 13674 | Lair:4   | Killed a four-headed hydra
 13674 | Lair:4   | Reached skill level 8 in Fighting
 13674 | Lair:4   | Reached skill level 6 in Dodging
 13802 | Lair:4   | Found a staircase to the Snake Pit.
 13971 | Lair:3   | Reached skill level 8 in Shields
 13971 | Lair:3   | Reached XP level 13. HP: 68/68 MP: 19/19
 14522 | Lair:4   | Received a gift from Okawaru
 14568 | Lair:5   | Noticed Urug
 14588 | Lair:5   | Killed Urug
 14647 | Lair:5   | Reached skill level 9 in Shields
 14711 | Lair:5   | Noticed Snorg
 14727 | Lair:5   | Killed Snorg
 15169 | Lair:5   | Reached skill level 9 in Fighting
 15227 | Lair:5   | Reached skill level 7 in Dodging
 15448 | Lair:6   | Entered Level 6 of the Lair of Beasts
 15497 | Lair:5   | Received a gift from Okawaru
 15512 | Lair:5   | Got an ancient scale mail {god gift}
 15523 | Lair:5   | Identified the +1 scale mail of Mergh {god gift, rCorr} (Okawaru gifted it to you on level 5 of the Lair of Beasts)
 15621 | Lair:6   | Reached skill level 10 in Shields
 15915 | Lair:6   | Found a viscous altar of Jiyva.
 15916 | Lair:6   | Found a staircase to the Slime Pits.
 16142 | Lair:6   | Reached skill level 7 in Evocations
 16142 | Lair:6   | Reached XP level 14. HP: 62/75 MP: 16/20
 16341 | Lair:6   | Reached skill level 13 in Unarmed Combat
 16555 | Lair:6   | Received a gift from Okawaru
 16555 | Lair:6   | Reached skill level 8 in Evocations
 16630 | Lair:6   | Reached skill level 10 in Fighting
 17088 | Lair:3   | Killed 4thArraOfDagon's ghost
 17112 | Lair:3   | Found a staircase to the Shoals.
 17454 | Lair:3   | Reached skill level 11 in Shields
 17454 | Lair:3   | Reached XP level 15. HP: 81/81 MP: 22/22
 17455 | Lair:3   | Reached skill level 12 in Shields
 17455 | Lair:3   | Reached XP level 16. HP: 86/86 MP: 23/23
 17553 | Lair:3   | Reached skill level 1 in Armour
 17612 | Lair:3   | Reached skill level 2 in Armour
 17936 | D:11     | Found a staircase to the Orcish Mines.
 17936 | D:11     | Noticed Nergalle
 17968 | D:11     | Killed Nergalle
 17968 | D:11     | Received a gift from Okawaru
 17968 | D:11     | Reached skill level 3 in Armour
 18302 | D:12     | Reached skill level 4 in Armour
 18662 | D:13     | Reached skill level 5 in Armour
 18667 | D:13     | Reached XP level 17. HP: 90/90 MP: 24/24
 18725 | D:13     | Found a gate to the Vaults.
 18821 | D:13     | Reached skill level 6 in Armour
 19069 | D:13     | Learned a level 1 spell: Apportation
 19071 | D:13     | Learned a level 1 spell: Summon Butterflies
 19520 | D:14     | Reached skill level 7 in Armour
 19706 | D:14     | Received a gift from Okawaru
 19706 | D:14     | Reached skill level 8 in Armour
 19942 | D:14     | Noticed stringdemon's ghost (journeyman FoFi)
 19970 | D:14     | Killed stringdemon's ghost
 20329 | D:14     | Reached skill level 8 in Dodging
 20336 | D:15     | Entered Level 15 of the Dungeon
 20336 | D:15     | Noticed kuniqs's ghost (journeyman VSFi)
 20356 | D:15     | Killed kuniqs's ghost
 20563 | D:15     | Found a staircase to the Depths.
 20661 | D:15     | Noticed Azrael
 20675 | D:15     | Killed Azrael
 20684 | D:15     | Received a gift from Okawaru
 20850 | D:15     | Reached skill level 13 in Shields
 21019 | D:15     | Reached skill level 14 in Unarmed Combat
 21296 | Orc:1    | Entered Level 1 of the Orcish Mines
 21304 | Orc:1    | Noticed Josephine
 21319 | Orc:1    | Killed Josephine
 21375 | Orc:2    | Entered Level 2 of the Orcish Mines
 21377 | Orc:2    | Found a roughly hewn altar of Beogh.
 21454 | Orc:2    | Found a staircase to the Elven Halls.
 21712 | Orc:1    | Found a frozen archway.
 21749 | IceCv    | Entered an ice cave
 22723 | Orc:2    | Found Pynix's Antique Weapon Emporium.
 22723 | Orc:2    | Found Rounim's Weapon Boutique.
 22725 | Orc:2    | Found Xufazufy's General Store.
 22727 | Orc:2    | Found Kerch's Antique Armour Shoppe.
 22838 | Orc:2    | Bought a scroll of teleportation for 42 gold pieces
 22838 | Orc:2    | Bought an uncursed amulet of magic regeneration for 420 gold pieces
 22849 | Orc:2    | Bought a runed scarf for 264 gold pieces
 23105 | Snake:1  | Entered Level 1 of the Snake Pit
 23308 | Snake:1  | Noticed Agnes
 23311 | Snake:1  | Killed Agnes
 23311 | Snake:1  | Received a gift from Okawaru
 23421 | Snake:1  | Noticed Kirke
 23442 | Snake:1  | Reached XP level 18. HP: 95/95 MP: 25/25
 23452 | Snake:1  | Killed Kirke
 23452 | Snake:1  | Reached skill level 11 in Fighting
 23929 | Snake:2  | Reached skill level 9 in Armour
 23977 | Snake:2  | Reached skill level 9 in Dodging
 24057 | Snake:2  | Received a gift from Okawaru
 24172 | Snake:2  | Reached skill level 15 in Unarmed Combat
 25451 | Snake:3  | HP: 12/96 [mana viper (10)]
 25456 | Snake:3  | HP: 15/96 [poisoned by a black mamba]
 25635 | Snake:3  | Reached skill level 14 in Shields
 26070 | Snake:3  | Received a gift from Okawaru
 26294 | Snake:4  | Entered Level 4 of the Snake Pit
 26370 | Snake:4  | Found a blossoming altar of Fedhas.
 26702 | Snake:4  | Reached skill level 12 in Fighting
 26714 | Snake:4  | Reached XP level 19. HP: 101/102 MP: 26/26
 26792 | Snake:4  | Reached skill level 10 in Armour
 27213 | Snake:4  | Reached skill level 10 in Dodging
 27544 | Snake:4  | Received a gift from Okawaru
 27618 | Snake:4  | Reached skill level 15 in Shields
 28221 | Snake:4  | Received a gift from Okawaru
 28319 | Snake:4  | Got a serpentine rune of Zot
 28480 | Shoals:1 | Entered Level 1 of the Shoals
 29011 | Shoals:2 | Noticed Polyphemus
 29102 | Shoals:2 | Reached skill level 16 in Unarmed Combat
 29416 | Shoals:2 | Killed Polyphemus
 29522 | Shoals:2 | Received a gift from Okawaru
 30109 | Shoals:3 | Reached skill level 13 in Fighting
 30109 | Shoals:3 | Reached XP level 20. HP: 88/109 MP: 27/27
 30281 | Shoals:3 | Reached skill level 17 in Unarmed Combat
 30482 | Shoals:3 | Reached skill level 1 in Throwing
 30528 | Shoals:4 | Entered Level 4 of the Shoals
 30532 | Shoals:4 | open fucking layout
 30537 | Shoals:3 | nope
 30537 | Shoals:3 | time to go to vaults intead
 30755 | Vaults:1 | Entered Level 1 of the Vaults
 30761 | Vaults:1 | Noticed pedritolo's ghost (adept DrCK)
 30768 | Vaults:1 | Received a gift from Okawaru
 30835 | Vaults:1 | Killed pedritolo's ghost
 30835 | Vaults:1 | Reached skill level 2 in Throwing
 30989 | Vaults:1 | Reached skill level 3 in Throwing
 31400 | Vaults:1 | Reached skill level 4 in Throwing
 31581 | Vaults:1 | Reached skill level 5 in Throwing
 31802 | Vaults:1 | Reached ****** piety under Okawaru
 31802 | Vaults:1 | Received a gift from Okawaru
 31868 | Vaults:1 | Reached skill level 6 in Throwing
 32621 | Vaults:2 | Reached XP level 21. HP: 111/114 MP: 28/28
 32658 | Vaults:2 | Noticed Nikola
 32679 | Vaults:2 | Killed Nikola
 32679 | Vaults:2 | Received a gift from Okawaru
 32679 | Vaults:2 | Reached skill level 7 in Throwing
 32682 | Vaults:2 | Reached skill level 14 in Fighting
 32711 | Vaults:2 | Reached skill level 11 in Armour
 32719 | Vaults:2 | Received a gift from Okawaru
 32905 | Vaults:2 | Received a gift from Okawaru
 32905 | Vaults:2 | Reached skill level 11 in Dodging
 33068 | Vaults:2 | Received a gift from Okawaru
 33074 | Vaults:2 | Identified the +2 plate armour of Kindness {god gift, Str+4} (Okawaru gifted it to you on level 2 of the Vaults)
 33090 | Vaults:2 | Reached skill level 8 in Throwing
 33501 | Vaults:2 | Found a deep blue altar of Sif Muna.
 33681 | Vaults:2 | Reached skill level 9 in Throwing
 34410 | Vaults:3 | Found a staircase to the Crypt.
 34495 | Vaults:3 | Reached skill level 10 in Throwing
 34516 | Vaults:3 | Found Qeniaf's Distillery.
 35152 | Vaults:3 | Reached skill level 11 in Throwing
 35358 | Vaults:3 | Bought a potion of mutation for 120 gold pieces
 35358 | Vaults:3 | Bought a potion of curing for 45 gold pieces
 35358 | Vaults:3 | Bought 3 potions of mutation for 360 gold pieces
 35358 | Vaults:3 | Bought a potion of curing for 45 gold pieces
 35358 | Vaults:3 | Bought a potion of mutation for 120 gold pieces
 35358 | Vaults:3 | Bought a potion of experience for 750 gold pieces
 35358 | Vaults:3 | Reached skill level 9 in Evocations
 35358 | Vaults:3 | Reached XP level 22. HP: 120/120 MP: 28/30
 35667 | Vaults:4 | Received a gift from Okawaru
 35894 | Vaults:4 | Reached XP level 23. HP: 110/124 MP: 26/31
 35902 | Vaults:4 | Noticed Jorgrun
 35956 | Vaults:4 | Killed Jorgrun
 35976 | Vaults:4 | Reached skill level 18 in Unarmed Combat
 36101 | Vaults:4 | Reached skill level 12 in Throwing
 36122 | Vaults:4 | Received a gift from Okawaru
 36165 | Vaults:4 | Noticed Aizul
 36293 | Vaults:4 | Found Xooq's Book Shoppe.
 36428 | Vaults:4 | Received a gift from Okawaru
 36591 | Vaults:4 | Killed Aizul
 36643 | Vaults:4 | Received a gift from Okawaru
 36915 | Vaults:4 | Reached skill level 19 in Unarmed Combat
 36918 | Vaults:4 | Reached skill level 15 in Fighting
 37377 | Vaults:4 | Reached XP level 24. HP: 132/132 MP: 31/31
 38203 | Shoals:4 | Got a barnacled rune of Zot
 38257 | Shoals:4 | Identified the Reference Book on Icy Transmutation
 38270 | Shoals:4 | Noticed Ilsuiw
 38307 | Shoals:4 | Killed Ilsuiw
 38604 | Shoals:4 | Received a gift from Okawaru
 38689 | Shoals:4 | Noticed Louise
 38706 | Shoals:4 | Killed Louise
 38706 | Shoals:4 | Reached skill level 16 in Fighting
 38908 | Shoals:4 | Noticed Roxanne
 39773 | Elf:1    | Entered Level 1 of the Elven Halls
 39882 | Elf:1    | Found a deep blue altar of Sif Muna.
 40195 | Elf:1    | Reached skill level 12 in Armour
 40203 | Elf:1    | Identified Sif Muna's Tome of the Mountains and Good Luck
 40357 | Elf:1    | Reached skill level 12 in Dodging
 40477 | Elf:1    | Found Fuidima's General Store.
 40481 | Elf:1    | Bought a potion of curing for 48 gold pieces
 40481 | Elf:1    | Bought a scroll of identify for 32 gold pieces
 41022 | Elf:2    | Found Uqihonk's Book Emporium.
 41286 | Elf:2    | Received a gift from Okawaru
 41294 | Elf:2    | Found a runed gate.
 41294 | Elf:2    | Found a runed gate.
 41294 | Elf:2    | Found a runed gate.
 41469 | Elf:3    | Entered Level 3 of the Elven Halls
 41780 | Elf:3    | Reached skill level 16 in Shields
 41829 | Elf:3    | Received a gift from Okawaru
 42115 | Elf:3    | Reached XP level 25. HP: 124/137 MP: 28/31
 42215 | Elf:3    | Reached skill level 13 in Throwing
 42255 | Elf:3    | Received a gift from Okawaru
 42696 | Elf:3    | Identified the amulet of Jotsyles {rElec rPois rC- Regen+ Dex-5} (You found it on level 3 of the Elven Halls)
 42769 | Elf:3    | Reached skill level 20 in Unarmed Combat
 42771 | Elf:3    | 5 blademasters already
 42882 | Elf:3    | Identified the ring "Hemyfroust" {*Slow rElec rC+ rN++ Stlth+} (You took it off a deep elf master archer on level 3 of the Elven Halls)
 42981 | Elf:3    | Received a gift from Okawaru
 43374 | Crypt:1  | Entered Level 1 of the Crypt
 44046 | Crypt:1  | Reached skill level 10 in Evocations
 44635 | Crypt:1  | Received a gift from Okawaru
 44839 | Crypt:2  | Reached skill level 14 in Throwing
 44890 | Crypt:2  | Noticed Xtahua
 44901 | Crypt:2  | Killed Xtahua
 45333 | Crypt:2  | Received a gift from Okawaru
 45440 | Crypt:2  | Reached skill level 17 in Fighting
 45451 | Crypt:2  | Found a shimmering altar of Xom.
 45607 | Crypt:2  | Received a gift from Okawaru
 45610 | Crypt:2  | Identified the +7 broad axe of Vengeance {god gift, elec, *Drain Int+5 Stlth+} (Okawaru gifted it to you on level 2 of the Crypt)
 45735 | Crypt:2  | Reached XP level 26. HP: 124/145 MP: 32/32
 45789 | Crypt:2  | Learned a level 2 spell: Blink
 45834 | Crypt:2  | Reached skill level 1 in Translocations
 45849 | Crypt:2  | Reached skill level 2 in Translocations
 46039 | Crypt:3  | Entered Level 3 of the Crypt
 46204 | Crypt:3  | Reached skill level 3 in Translocations
 46238 | Crypt:3  | Reached skill level 4 in Translocations
 46296 | Crypt:3  | Noticed an ancient lich
 46310 | Crypt:3  | Killed an ancient lich
 46310 | Crypt:3  | Reached skill level 5 in Translocations
 46384 | Crypt:3  | Reached skill level 6 in Translocations
 46544 | Crypt:3  | Found a staircase to the Tomb.
 46631 | Crypt:3  | Reached skill level 7 in Translocations
 46661 | Crypt:3  | Received a gift from Okawaru
 46693 | Crypt:3  | Reached skill level 8 in Translocations
 46763 | Crypt:3  | Found an ancient bone altar of Kikubaaqudgha.
 46857 | Crypt:3  | Noticed a greater mummy
 46874 | Crypt:3  | Killed a greater mummy
 46874 | Crypt:3  | Reached skill level 3 in Spellcasting
 46875 | Crypt:3  | Noticed a greater mummy
 46901 | Crypt:3  | Noticed Khufu
 46901 | Crypt:3  | HP: 25/145 [??? (11)]
 46903 | Crypt:3  | HP: 9/217 [emperor scorpion[Khufu] (12)]
 46904 | Crypt:3  | HP: 3/217 [emperor scorpion[Khufu] (4)]
 46906 | Crypt:3  | Slain by an emperor scorpion

Vault maps used:
D:1:      scummos_arrival_simple_fountains, minmay_cut_off
D:2:      lemuel_blue_sif_altar, chequers_ecumenical_altar_simple_redux,
          uniq_jessica
D:3:      nicolae_overflow_crystal_walls, okawaru_gym_becter, uniq_sigmund
D:4:      grunt_temple_overflow_lords_of_destruction, first_bread,
          minmay_misc_feat_tower
D:5:      minmay_temple_entry_large_hall, portal_sewer_entry_d, uniq_edmund
D:6:      lemuel_zombie_altar_kikubaaqudgha, kennysheep_generic_room_12,
          uniq_prince_ribbit1, uniq_eustachio
D:7:      lemuel_round_altar, marbit_many_paths
D:8:      kennysheep_mini, special_room
D:9:      tso_metal_star, chequers_temple_overflow_minitemple, serial_shops,
          shop
D:11:     dpeg_lair_monsters, david_orc_2, uniq_psyche, uniq_nergalle
D:12:     the_bakery, fungi_pond_lemuel, hangedman_decor_push,
          lemuel_flamethrower_1
D:13:     grunt_vaults_entry_tiered
D:15:     gammafunk_depths_entry_grave, hangedman_abyss_or_decor_passed,
          uniq_azrael
Lair:1:   basic_altar, worms_lemuel, infiniplex_staircase_pool_2,
          lemuel_fruit_tree, uniq_fannar
Lair:2:   minmay_hedge_maze, beast_lair_carwin_10, uniq_sonja
Lair:3:   regret_index_tunnel_blossom, elwin_shoals_entry_rocks
Lair:4:   guppyfry_snake_entry_island, serial_forest,
          infiniplex_forest_clump_small, infiniplex_forest_split,
          infiniplex_forest_zigzag_1, infiniplex_forest_zigzag_1,
          infiniplex_forest_clump_long, infiniplex_forest_clump_long,
          infiniplex_forest_lined_corner
Lair:5:   infiniplex_staircase_pool, lemuel_fruit_fields, uniq_snorg, uniq_urug
Lair:6:   evilmike_catoblepas_cave, slime_altar_1, kb_xom_exploding_sheep,
          grunt_megastairs_2, minmay_lair_oklob_chamber
Shoals:2: uniq_polyphemus
Shoals:3: nicolae_shoals_hunting_party
Shoals:4: shoals_end_grunt_garden, shoals_ilsuiw_ice, hangedman_shoal_volcano,
          uniq_louise, uniq_roxanne
Snake:1:  nrook_guardian_serpent_ordinary, uniq_agnes, uniq_kirke
Snake:3:  nicolae_snakescales, spider_trap
Snake:4:  johnstein_snake_rune_scales, basic_altar, grunt_ministairs_7
Orc:1:    portal_ice_cave_rime, uniq_josephine
Orc:2:    st_orc_rangers, basic_altar
Elf:1:    eino_elf_arrival_shootout, serial_shops, shop, basic_altar,
          hangedman_elf_represent, spider_trap
Elf:2:    serial_shops, shop
Elf:3:    minmay_elf_hall, special_room
Vaults:1: nicolae_vaults_arrows, nicolae_vaults_border_crossing, v_misc_29,
          nicolae_vaults_windows_and_doors_thing, vaults_standard_mumra_x,
          vaults_mumra_minichess, ontoclasm_vaults_misaligned,
          nicolae_vaults_little_squares_3
Vaults:2: v_alt_pattern_6, vaults_room_fours, v_misc_29,
          ontoclasm_vaults_shuriken, v_misc_23, nicolae_vaults_back_hallway,
          vaults_room_hangedman_quadrants, v_alt_pattern_2, v_misc_27,
          vaults_room_door_hall, v_misc_15, vaults_room_pools, basic_altar,
          uniq_nikola
Vaults:3: minmay_crypt_entry_simple_corners, dpeg_vaults_monster_row,
          ontoclasm_vaults_eye, nicolae_vaults_three_branches,
          hangedman_vaults_restitches, serial_shops, nicolae_shop_crystal
Vaults:4: v_misc_29, grunt_vaults_funnel, v_alt_pattern_1, v_rooms_2,
          dpeg_vaults_pockets_of_resistance, nicolae_vaults_mini_display_case,
          ontoclasm_vaults_idyll, vaults_mumra_hex,
          nicolae_vaults_diagonal_hallway_7, hangedman_vaults_slither,
          v_misc_19, v_misc_14, vaults_room_grid, serial_shops,
          nicolae_shop_trees, uniq_aizul, uniq_jorgrun
Crypt:1:  corexii_leaking_fountain, grunt_megastairs_3
Crypt:2:  minmay_skeleton_keep, basic_altar, uniq_xtahua
Crypt:3:  church_of_pain_bobbens, nicolae_tomb_entry_rubble_hallway, uniq_khufu
IceCv:    ice_cave_tombish

Skill      XL: |  1  2  3  4  5  6  7  8  9 10 11 12 13 14 15 16 17 18 19 20 21 22 23 24 25 26 |
---------------+-------------------------------------------------------------------------------+-----
Unarmed Combat | 1 2 3 4 5 7 8 10 11 12 13 14 15 16 17 19 20 | 20.0
Fighting       | 1 4 5 6 8 9 10 12 13 14 15 16 17 | 17.0
Dodging        | 2 3 4 5 6 7 8 9 10 11 12 | 12.0
Evocations     | 3 6 7 8 9 10 | 10.7
Shields        | 3 5 8 10 11 12 13 14 15 16 | 16.7
Invocations    | 3 7 |  7.1
Armour         | 5 8 9 10 11 12 | 12.1
Throwing       | 6 11 12 14 | 14.6
Translocations | 8 |  8.2
Spellcasting   | 3 |  3.7
Stealth        | |  2.4
Transmutations | |  1.0
Earth Magic    | |  3.0

Action                   |  1- 3 |  4- 6 |  7- 9 | 10-12 | 13-15 | 16-18 | 19-21 | 22-24 | 25-27 || total
-------------------------+-------+-------+-------+-------+-------+-------+-------+-------+-------++-------
Melee: Unarmed           |    60 |   177 |   491 |   671 |   840 |  2022 |  2147 |  1689 |  1131 ||  9228
       Bite              |     7 |    45 |   126 |   205 |   345 |   770 |   892 |   687 |   567 ||  3644
       Punch             |     2 |     4 |    23 |    17 |       |       |       |       |       ||    46
 Fire: Fustibalus        |       |       |       |     2 |       |       |       |       |       ||     2
       Blowgun           |       |       |       |     3 |       |       |       |       |       ||     3
Throw: Stone             |     4 |    19 |       |       |       |       |       |       |       ||    23
       Throwing net      |       |       |     1 |       |       |       |       |       |     1 ||     2
       Tomahawk          |       |       |       |       |     4 |       |    17 |       |       ||    21
       Javelin           |       |       |       |       |       |       |     3 |    14 |     5 ||    22
 Cast: Sandblast         |    26 |       |       |       |       |       |       |       |       ||    26
Invok: Heroism           |       |     3 |     5 |    21 |    15 |    30 |    37 |    23 |    19 ||   153
       Finesse           |       |       |       |     1 |     3 |     2 |     5 |     4 |     1 ||    16
Evoke: Wand              |       |       |       |    15 |     2 |    17 |     6 |     2 |       ||    42
       Phantom mirror    |       |       |       |       |     1 |       |       |       |       ||     1
       Lightning rod     |       |       |       |       |       |       |     8 |     8 |       ||    16
  Use: Scroll            |     5 |     2 |     9 |    10 |     6 |    18 |     8 |     5 |     9 ||    72
       Potion            |     1 |     1 |       |       |     2 |     1 |     3 |     1 |     3 ||    12
 Stab: Sleeping          |     2 |     2 |     3 |    12 |     4 |       |       |       |       ||    23
       Distracted        |     1 |       |     1 |     2 |     2 |       |       |       |       ||     6
       Held in net/web   |       |       |     1 |       |       |       |       |       |     2 ||     3
       Paralysed         |       |       |       |     6 |       |    11 |     2 |       |       ||    19
       Petrified         |       |       |       |       |     3 |       |       |       |       ||     3
       Petrifying        |       |       |       |       |     2 |       |       |       |       ||     2
       Invisible         |       |       |       |       |       |     7 |       |       |       ||     7
       Confused          |       |       |       |       |       |     1 |       |       |       ||     1
  Eat: Chunk             |     5 |     6 |    11 |    20 |    12 |    18 |    16 |    19 |       ||   107
       Royal jelly       |     1 |       |       |       |       |     7 |     7 |       |       ||    15
       Bread ration      |       |       |       |       |       |       |       |     1 |     5 ||     6
Armor: Robe              |     6 |       |       |       |       |       |       |       |       ||     6
       Leather armour    |     7 |    32 |    14 |       |       |       |       |       |       ||    53
       Ring mail         |       |       |   101 |     2 |       |       |       |       |       ||   103
       Steam dragon scal |       |       |       |   122 |   141 |       |       |       |       ||   263
       Plate armour      |       |       |       |       |       |   668 |   678 |   458 |   302 ||  2106
       Skin              |       |       |       |       |       |       |       |     2 |     8 ||    10
Dodge: Dodged            |    45 |    61 |   259 |   352 |   371 |   534 |   679 |   485 |   257 ||  3043
       Deflected         |       |       |       |       |       |    35 |    67 |    76 |     9 ||   187
Block: Shield            |       |       |       |   151 |   400 |  1116 |  1241 |   863 |   550 ||  4321
